 Dungeon Crawl Stone Soup version 0.31.0-1-g2c135a0 (webtiles) character file.

Game seed: 4205507148234611344

8728 Forthbe the Grappler (level 11, -3/117 HPs)
             Began as a Troll Fighter on Jan 21, 2024.
             Was an Initiate of Gozag.
             Slain by a six-headed hydra (7 damage)
             ... on level 9 of the Dungeon.
             The game lasted 00:23:46 (7243 turns).

Forthbe the Grappler (Troll Fighter)                Turns: 7243, Time: 00:23:47

Health: -3/117     AC:  4    Str: 28    XL:     11   Next: 13%
Magic:  10/10      EV: 10    Int:  6    God:    Gozag
Gold:   777        SH: 11    Dex:  9    Spells: 10/10 levels left

rFire   + . .        C - +8 dagger of Painful Death {flame, +Blink rF+ Dex-4 Stlth+}
rCold   . . .        b - +2 kite shield
rNeg    . . .        a - +0 robe
rPois   .            (helmet restricted)
rElec   .            (no cloak)
rCorr   +            (gloves unavailable)
SInv    .            (boots unavailable)
Will    .....        (no amulet)
Stlth   ++           p - ring of resist corrosion
HPRegen 1.19/turn    q - ring "Ugacod" {Fly Dex+4}
MPRegen 0.12/turn

%: no passive effects
@: flying
A: large, unfitting armour, claws 3, regeneration 1, shaggy fur 1, tough skin 1
a: Renounce Religion, Evoke Blink, Potion Petition, Call Merchant, Bribe Branch


You were on level 9 of the Dungeon.
You worshipped Gozag.
Gozag was pleased with you.
You visited 2 branches of the dungeon, and saw 11 of its levels.

You collected 915 gold pieces.
You paid 138 gold pieces to Gozag.

Inventory:

Hand Weapons
 k - a +3 whip of freezing
 C - the +8 dagger of Painful Death (weapon) {flame, +Blink rF+ Dex-4 Stlth+}
   (You found it on level 3 of the Dungeon)

   Dex-4:     It affects your dexterity (-4).
   rF+:       It protects you from fire.
   +Blink:    It lets you blink.
   Stlth+:    It makes you more stealthy.
Missiles
 n - 20 stones
 o - 18 poisoned darts
 w - 2 boomerangs
 z - 6 curare-tipped darts
Armour
 a - a +0 robe (worn)
 b - a +2 kite shield (worn)
Jewellery
 p - a ring of resist corrosion (left claw)
 q - the ring "Ugacod" (right claw) {Fly Dex+4}
   (You took it off a hobgoblin on level 4 of the Dungeon)

   [ring of flight]

   Dex+4:     It affects your dexterity (+4).
   Fly:       It grants you flight.
 A - a ring of protection from fire
Wands
 c - a wand of flame (28) (quivered)
 r - a wand of iceblast (20)
 s - a wand of digging (15)
 t - a wand of mindburst (3)
 y - a wand of charming (25)
Scrolls
 d - a scroll of vulnerability
 e - 2 scrolls of revelation
 v - 2 scrolls of amnesia
 D - a scroll of blinking {unknown}
Potions
 f - a potion of mutation
 g - a potion of curing
 h - 3 potions of enlightenment
 i - 4 potions of lignification
 j - 5 potions of heal wounds
 l - 2 potions of cancellation {unknown}
 m - 2 potions of ambrosia
 u - a potion of resistance {unknown}
 x - a potion of haste {unknown}
 B - a potion of attraction {unknown}


   Skills:
 + Level 9.7 Fighting
 - Level 3.0 Throwing
 - Level 6.0 Dodging
 - Level 1.0 Stealth
 - Level 6.0 Shields
 + Level 11.2 Unarmed Combat


You had 10 spell levels left.
You didn't know any spells.
Your spell library contained the following spells:

 Spells                   Type           Power      Damage    Failure   Level
 Kiss of Death            Conj/Necr      0%         2d5       65%         1
 Magic Dart               Conj           0%         1d3       65%         1
 Summon Small Mammal      Summ           0%         N/A       65%         1
 Blink                    Tloc           0%         N/A       80%         2
 Call Imp                 Summ           0%         N/A       80%         2
 Call Canine Familiar     Summ           0%         N/A       95%         3
 Confusing Touch          Hex            0%         N/A       95%         3
 Dispel Undead            Necr           0%         3d6       100%        4
 Passage of Golubria      Tloc           0%         N/A       100%        4
 Summon Blazeheart Golem  Fire/Summ      0%         N/A       100%        4
 Silence                  Hex/Air        0%         N/A       100%        5
 Lehudib's Crystal Spear  Conj/Erth      0%         10d2      100%        8


Dungeon Overview and Level Annotations

Branches:
Dungeon (10/15)            Temple (1/1) D:4            Lair (0/5) D:9
    Orc: D:9-12

Altars:
Ashenzari
Cheibriados
Dithmenos
Elyvilon
Fedhas
Gozag
Hepliaklqana
Kikubaaqudgha
Makhleb
Nemelex Xobeh
Okawaru
Qazlal
Ru
Sif Muna
Trog
Uskayaw
Vehumet
Wu Jian
Xom
Yredelemnul
Zin
The Shining One

Shops:
D:1 (   D:9 (

Annotations:
Temple 2 transporters


Innate Abilities, Weirdness & Mutations

You are too large for most types of armour.
You have claws for hands.
Your natural rate of healing is unusually fast.
You are covered in fur. (AC +1)
You have tough skin. (AC +1)


Message History

You block the six-headed hydra's attack.
The six-headed hydra bites you! x2
The six-headed hydra bites you but does no damage.
The troll shouts!
You puncture the six-headed hydra! You burn the six-headed hydra.
The six-headed hydra is severely wounded.
You block the six-headed hydra's attack.
The six-headed hydra bites you. x3; The six-headed hydra bites you!
You block the six-headed hydra's attack.
You are too injured to fight recklessly!
You are too injured to fight recklessly!
You feel much better.
The orc wizard casts a spell.
The orc wizard flickers and vanishes!
Deactivating autopickup; reactivate with Ctrl-A.
The six-headed hydra bites you! The six-headed hydra bites you. x2
You block the six-headed hydra's attack.
The six-headed hydra bites you!
* * * LOW HITPOINT WARNING * * *
You block the six-headed hydra's attack.
You hit the six-headed hydra. You burn the six-headed hydra.
The six-headed hydra is severely wounded.
The six-headed hydra bites you.
* * * LOW HITPOINT WARNING * * *
The six-headed hydra bites you but does no damage.
You block the six-headed hydra's attack.
The six-headed hydra bites you.
* * * LOW HITPOINT WARNING * * *
You block the six-headed hydra's attack.
The six-headed hydra bites you!
* * * LOW HITPOINT WARNING * * *
You puncture the six-headed hydra! You burn the six-headed hydra.
The six-headed hydra is almost dead.
You block the six-headed hydra's attack.
The six-headed hydra bites you but does no damage.
The six-headed hydra bites you!
* * * LOW HITPOINT WARNING * * *
The six-headed hydra bites you!
You die...
Your body crumbles into a pile of gold.

.......... ♣..........#
.......# ♣♣♣♣.#).....#
#..###.# ### ♣....#.######
#..# ... ♣.♣♣♣#.# #..# ♣.♣
♣♣.♣♣#.# #..# ♣.♣
♣♣.♣#.###### .... ♣T♣
♣.♣♣#......# ..... #D# ♣.♣
#......# #.... ♣♣ ♣♣@♣ ♣.♣
#......# #.....
#♣...♣#♣.♣.♣#♣♣.♣ #......#
#.......♣♣♣.).)♣..#.W....#
#...
#♣...♣#♣.♣.♣#♣♣.♣♣#......#
....... ♣♣ ♣♣.♣♣ .♣ #......#
....
..###################c.....#
####
.....................######
# #..#########.........# #
#..# #.........#


You could see a six-headed hydra and a troll.

Vanquished Creatures
  Pikel (D:8)
  A flayed ghost (D:9)
  A black mamba (shapeshifter) (D:9)
  A kobold demonologist (D:9)
  2 hornets
  A shadow (D:9)
  Sigmund (D:2)
  A wyvern (D:9)
  17 yaks (D:8)
  2 wraiths (D:9)
  A steam dragon (D:9)
  2 water moccasins
  Duvessa (D:6)
  2 black bears (D:5)
  2 orc warriors
  2 sky beasts (D:7)
  An ice beast (D:6)
  An ogre (D:6)
  3 centaurs
  A phantom (D:5)
  3 kobold brigands
  A gnoll sergeant (D:8)
  5 bullfrogs
  6 scorpions
  Dowan (D:6)
  A killer bee (D:9)
  A howler monkey (D:9)
  A bombardier beetle (D:5)
  2 gnoll boudas
  2 jellies (D:6)
  An orc priest (D:8)
  2 hounds
  3 iguanas (D:5)
  2 sleepcaps (D:6)
  7 orc wizards
  9 gnolls
  8 adders
  2 shadow imps
  2 ufetubi (D:7)
  3 dart slugs
  16 orcs
  7 ball pythons
  6 bats
  4 endoplasms
  4 giant cockroaches
  6 goblins
  9 hobgoblins
  4 jackals (D:4)
  21 kobolds
  4 quokkas
  5 frilled lizards
  2 rats
194 creatures vanquished.

Notes
Turn   | Place    | Note
-------+----------+-------------------------------------------
     0 | D:1      | Forthbe the Troll Fighter began the quest for the Orb.
     0 | D:1      | Reached XP level 1. HP: 22/22 MP: 0/0
   197 | D:1      | You fall into a shaft and drop 1 floor!
   276 | D:2      | Reached XP level 2. HP: 26/29 MP: 1/1
   353 | D:2      | Reached skill level 1 in Stealth
   353 | D:2      | Reached XP level 3. HP: 25/36 MP: 2/2
   823 | D:1      | Found Linkat's Weapon Boutique.
  1173 | D:2      | Noticed Sigmund
  1302 | D:2      | Killed Sigmund
  1303 | D:2      | Reached skill level 3 in Unarmed Combat
  1303 | D:2      | Reached XP level 4. HP: 40/45 MP: 3/3
  1303 | D:2      | Reached XP level 5. HP: 47/53 MP: 4/4
  1320 | D:2      | Reached skill level 9 in Unarmed Combat
  1320 | D:2      | Reached XP level 6. HP: 72/72 MP: 5/5
  1593 | D:3      | Found a burning altar of Makhleb.
  1812 | D:3      | Identified the +8 dagger of Painful Death {flame, +Blink
                  | rF+ Dex-4 Stlth+}
  2005 | D:3      | Found a white marble altar of Elyvilon.
  2010 | D:3      | Found a glowing golden altar of the Shining One.
  2018 | D:3      | Became a worshipper of Elyvilon the Healer
  2188 | D:3      | Found a stormy altar of Qazlal.
  2392 | D:4      | Reached XP level 7. HP: 76/79 MP: 6/6
  2419 | D:4      | Identified the ring "Ugacod" {Fly Dex+4}
  2553 | D:4      | Found a staircase to the Ecumenical Temple.
  2592 | Temple   | Found a transporter.
  2592 | Temple   | Found a transporter.
  2592 | Temple   | Found a transporter.
  2592 | Temple   | Found a transporter.
  2592 | Temple   | Entered the Ecumenical Temple
  2813 | D:5      | Entered Level 5 of the Dungeon
  2842 | D:5      | Reached * piety under Elyvilon
  2901 | D:5      | Reached skill level 5 in Shields
  3357 | D:5      | Reached ** piety under Elyvilon
  3384 | D:5      | Reached XP level 8. HP: 84/88 MP: 7/7
  4061 | D:6      | Noticed Dowan
  4065 | D:6      | Noticed Duvessa
  4080 | D:6      | Killed Duvessa
  4093 | D:6      | Killed Dowan
  4235 | D:6      | Reached XP level 9. HP: 97/97 MP: 8/8
  4274 | D:6      | Reached *** piety under Elyvilon
  4508 | D:6      | Reached skill level 1 in Throwing
  4997 | D:7      | Reached **** piety under Elyvilon
  5254 | D:7      | Reached skill level 10 in Unarmed Combat
  5433 | D:8      | Found an opulent altar of Gozag.
  5438 | D:8      | Fell from the grace of Elyvilon
  5438 | D:8      | Became a worshipper of Gozag Ym Sagoz the Greedy
  5451 | D:8      | Reached XP level 10. HP: 97/107 MP: 9/9
  5619 | D:8      | Noticed Pikel
  5638 | D:8      | Killed Pikel
  6201 | D:9      | Found a staircase to the Lair.
  6232 | D:9      | Found Jizoyf's Weapon Shoppe.
  6488 | D:10     | Entered Level 10 of the Dungeon
  6570 | D:9      | Reached skill level 5 in Dodging
  6674 | D:9      | Reached skill level 11 in Unarmed Combat
  6761 | D:9      | Noticed a rust devil
  6761 | D:9      | Noticed a flayed ghost
  6763 | D:9      | Noticed a centaur warrior
  6998 | D:9      | Reached XP level 11. HP: 115/115 MP: 10/10
  7157 | D:9      | Killed a flayed ghost
  7232 | D:9      | Noticed a six-headed hydra
  7243 | D:9      | HP: 4/117 [six-headed hydra (7)]
  7243 | D:9      | Slain by a six-headed hydra

Illustrated notes

Levels and vault maps discovered:
D:1:      pf_arrival_petrified_forest, layout_basic, serial_shops, shop
D:2:      layout_basic, dk_noncrumbling_3, corexii_shack, st_stairs_9,
          uniq_sigmund
D:3:      layout_basic, bloody_makhleb, mainiacjoe_overflow_big_doors,
          marbit_many_paths
D:4:      layout_rooms, minmay_temple_entry_slanted
D:5:      layout_gridville
D:6:      layout_basic, nrook_mini_vaults, uniq_duvessa
D:7:      layout_rooms
D:8:      layout_basic, lemuel_doored_altar, uniq_pikel
D:9:      nzn_winding_woodlands_medium [nzn_winding_woodlands_5x5_cross,
          nzn_winding_woodlands_5x15_jagged, nzn_winding_woodlands_hourglass,
          nzn_winding_woodlands_5x5_closed_star,
          nzn_winding_woodlands_center_pierced_h,
          nzn_winding_woodlands_5x5_default,
          nzn_winding_woodlands_5x5_open_star,
          nzn_winding_woodlands_5x15_sidewinder,
          nzn_winding_woodlands_5x5_perimeter], layout_small_grid,
          lair_entry_dummy, serial_shops, shop
D:10:     layout_rooms, enter_bailey_3
Temple:   hellmonk_temple_divided_pantheon

Skill      XL: |  1  2  3  4  5  6  7  8  9 10 11 |
---------------+----------------------------------+-----
Stealth        | 1 |  1.0
Shields        | 4 6 |  6.0
Fighting       | 3 7 8 9 |  9.7
Unarmed Combat | 3 9 10 11 | 11.2
Dodging        | 3 5 6 |  6.0
Throwing       | 3 |  3.0

Action                     |  1- 3 |  4- 6 |  7- 9 | 10-12 || total
---------------------------+-------+-------+-------+-------++-------
  Melee: Unarmed           |    74 |    21 |   195 |   165 ||   455
         Dagger            |       |    36 |    53 |     5 ||    94
  Throw: Stone             |     7 |    13 |    17 |    10 ||    47
         Dart              |       |       |    42 |     1 ||    43
         Boomerang         |       |       |    10 |       ||    10
  Evoke: Wand              |       |       |     2 |     5 ||     7
    Use: Potion            |     2 |     1 |     3 |     5 ||    11
         Scroll            |       |     7 |    11 |       ||    18
   Stab: Sleeping          |       |     3 |       |     1 ||     4
         Distracted        |       |       |       |     1 ||     1
 Armour: Robe              |    52 |    38 |   124 |   100 ||   314
         Skin              |       |       |       |     2 ||     2
  Dodge: Dodged            |    25 |    17 |    50 |    36 ||   128
  Block: Kite shield       |    23 |    36 |   126 |    75 ||   260
